 Dungeon Crawl Stone Soup version 0.31-a0-1499-ge0622b2318 (webtiles) character file.

Game seed: 1273019456263428162

5252 Atlas the Thaumaturge (level 10, 0/69 HPs)
             Began as a Demonspawn Fire Elementalist on Dec 30, 2023.
             Was a Priest of Vehumet.
             Slain by a vampire mosquito (7 damage)
             ... on level 8 of the Dungeon.
             The game lasted 00:16:01 (10930 turns).

Atlas the Thaumaturge (DsFE)                       Turns: 10930, Time: 00:16:02

Health: 0/69       AC: 10    Str:  9    XL:     10   Next: 36%
Magic:  11/22      EV: 11    Int: 19    God:    Vehumet [***...]
Gold:   272        SH:  4    Dex: 14    Spells: 17/25 levels left

rFire   + . .        y - +2 hand axe (elec)
rCold   . . .        (no shield)
rNeg    + . .        s - +2 ring mail "Astreokk" {rN+ Regen+}
rPois   .            (helmet restricted)
rElec   +            (no cloak)
rCorr   .            (no gloves)
SInv    .            (no boots)
Will    .....        (no amulet)
Stlth   +            t - ring of protection from cold
HPRegen 1.11/turn    B - ring "Ungos" {Fire rElec}
MPRegen 0.18/turn

%: no passive effects
@: no status effects
A: horns 2, icy blue scales 1, foul stench 1, condensation shield
a: Renounce Religion


You were on level 8 of the Dungeon.
You worshipped Vehumet.
Vehumet was most pleased with you.
You visited 1 branch of the dungeon, and saw 9 of its levels.
You also visited: Sewer.

You collected 552 gold pieces.
You spent 280 gold pieces at shops.

Inventory:

Hand Weapons
 y - a +2 hand axe of electrocution (weapon)
Missiles
 d - 2 throwing nets
 D - a curare-tipped dart
Armour
 n - a +0 leather armour
 s - the +2 ring mail "Astreokk" (worn) {rN+ Regen+}
   (You bought it in a shop on level 2 of the Dungeon)

   rN+:       It protects you from negative energy.
   Regen+:    It increases your rate of health regeneration.
 C - +0 acid dragon scales
Magical Staves
 f - a staff of conjuration
Jewellery
 t - a ring of protection from cold (left hand)
 B - the ring "Ungos" (right hand) {Fire rElec}
   (You found it on level 8 of the Dungeon)

   [ring of fire]

   Fire:      It enhances your fire magic.
   rF+:       It protects you from fire.
   rC-:       It makes you vulnerable to cold.
   rElec:     It insulates you from electricity.
Wands
 e - a wand of polymorph (1)
 r - a wand of digging (5)
 x - a wand of flame (42)
 A - a wand of charming (7)
Scrolls
 a - 4 scrolls of enchant armour
 h - 2 scrolls of silence
 i - 2 scrolls of poison {unknown}
 j - a scroll of fog {unknown}
 k - 2 scrolls of butterflies
 l - 5 scrolls of teleportation
 m - 3 scrolls of immolation {unknown}
 o - a scroll of revelation
 u - a scroll of noise {unknown}
 v - a scroll of brand weapon {unknown}
Potions
 b - a potion of magic
 c - 4 potions of enlightenment
 g - a potion of mutation
 p - 2 potions of invisibility
 q - a potion of lignification {unknown}
 w - a potion of experience {unknown}
 z - 2 potions of curing {unknown}


   Skills:
 + Level 2.8 Fighting
 + Level 3.3 Axes
 + Level 1.5 Staves
 + Level 4.4 Armour
 + Level 3.7 Dodging
 + Level 2.4 Stealth
 + Level 2.2 Shields
 + Level 8.3 Spellcasting
 + Level 2.8 Conjurations
 + Level 8.3 Fire Magic
 + Level 0.8 Evocations


You had 17 spell levels left.
You knew the following spells:

 Your Spells              Type           Power      Damage    Failure   Level
a - Scorch                Fire           100%       2d9       1%          2
b - Foxfire               Conj/Fire      100%       2x1d9     1%          1
c - Lee's Rapid Deconstr  Erth           3%         3d5*      80%         5

Your spell library contained the following spells:

 Spells                   Type           Power      Damage    Failure   Level
 Dazzling Flash           Conj/Hex       26%        N/A       11%         3
 Inner Flame              Hex/Fire       35%        N/A       3%          3
 Volatile Blastmotes      Fire/Tloc      70%        2d15      3%          3
 Freeze                   Ice            28%        1d5       6%          1
 Flame Wave               Conj/Fire      43%        2d11      6%          4
 Hailstorm                Conj/Ice       13%        3d6       11%         3
 Frozen Ramparts          Ice            14%        1d3       17%         3
 Tukima's Dance           Hex            7%         N/A       56%         3
 Yara's Violent Unravell  Hex/Alch       3%         3d4       80%         5
 Animate Armour           Summ/Erth      14%        N/A       92%         4
 Passage of Golubria      Tloc           7%         N/A       92%         4
 Summon Lightning Spire   Summ/Air       7%         N/A       92%         4


Dungeon Overview and Level Annotations

Branches:
Dungeon (9/15)             Temple (0/1) D:5            Lair (0/5) D:9
  Sewer (visited)
    Orc: D:9-12

Altars:
Cheibriados
Dithmenos
Fedhas
Kikubaaqudgha
Makhleb
Okawaru
Ru
Sif Muna
Trog
Vehumet
Xom

Shops:
D:2 ([?*(   D:4 :   D:8 [

Annotations:
D:6 2 runed translucent doors, xnavy's ghost, amateur OnRe


Innate Abilities, Weirdness & Mutations

You have a pair of horns on your head.
You are partially covered in icy blue scales. (AC +2)
You may rarely emit foul miasma when damaged in melee.
A meltable shield of frost defends you. (SH +4)


Message History

Casting: Scorch (safe; 1% risk of failure)
Confirm with . or Enter, or press ? or * to list all spells.
You feel a surge of power!
Flames lash the vampire mosquito.
The vampire mosquito is lightly damaged.
The vampire mosquito's fire resistance burns away.
You block the vampire mosquito's attack.
The vampire mosquito bites you.
* * * LOW HITPOINT WARNING * * *
The vampire mosquito draws strength from your injuries!
The vampire mosquito barely misses you.
The vampire mosquito bites you but does no damage.
Unknown command.
Casting: Scorch (safe; 1% risk of failure)
Confirm with . or Enter, or press ? or * to list all spells.
You feel a surge of power!
Flames lash the vampire mosquito.
The vampire mosquito is burned terribly!
You destroy the vampire mosquito!
Vehumet accepts your kill.
You feel your power returning.
The vampire mosquito bites you but does no damage.
The vampire mosquito closely misses you.
Unknown command.
Casting: Scorch (safe; 1% risk of failure)
Confirm with . or Enter, or press ? or * to list all spells.
You feel a surge of power!
Flames lash the vampire mosquito.
The vampire mosquito is burned terribly!
The vampire mosquito is heavily damaged.
The vampire mosquito bites you!
* * * LOW HITPOINT WARNING * * *
The vampire mosquito draws strength from your injuries!
The vampire mosquito bites you but does no damage.
Unknown command.
Casting: Scorch (safe; 1% risk of failure)
Confirm with . or Enter, or press ? or * to list all spells.
You feel a surge of power!
Flames lash the vampire mosquito.
The vampire mosquito is burned terribly!
The vampire mosquito is heavily damaged.
The vampire mosquito closely misses you.
The vampire mosquito bites you!
You die...

#.........'...#..P♣#
#.........#...#P♣P..
#...###...##..#♣....
#######...##..#P....
#.............##...#
#.............##...#
#..............#....
#...##...###..##....
#.)@##...###+###...#
#..y†....#....##...#
#........#..∩.##...#
#..###...##...##...)
#..########...##..)#
#........+.........#
#........#..........
#..##..#..#...#.....
#####..########....#


You could see a vampire mosquito (combustible).

Vanquished Creatures
  A troll (D:9)
  A hornet (D:9)
  Sigmund (D:3)
  A wyvern (D:7)
  5 yaks (D:8)
  A steam dragon (D:8)
  2 vampire mosquitoes (D:8)
  3 ice beasts
  2 black bears
  2 sky beasts
  Pargi (Sewer)
  A tengu (D:9)
  A phantom (D:6)
  4 kobold brigands
  3 bullfrogs
  A brain worm (Sewer)
  4 gnoll sergeants
  2 scorpions
  4 wights (D:8)
  4 killer bees (D:7)
  3 howler monkeys
  A bombardier beetle (D:3)
  A quasit (D:8)
  3 hounds
  A jelly (Sewer)
  2 orc priests
  6 iguanas
  3 sleepcaps
  8 orc wizards
  15 gnolls
  13 adders
  7 ribbon worms
  3 shadow imps
  9 ufetubi
  2 dart slugs
  26 orcs
  10 bats
  6 endoplasms
  4 giant cockroaches
  3 goblins
  5 hobgoblins
  26 kobolds
  5 quokkas
  6 ball pythons
  5 frilled lizards
  10 rats
227 creatures vanquished.

Vanquished Creatures (others)
  An arcanist (D:8)
  387 foxfires
388 creatures vanquished.

Grand Total: 615 creatures vanquished

Notes
Turn   | Place    | Note
-------+----------+-------------------------------------------
     0 | D:1      | Atlas the Demonspawn Fire Elementalist began the quest for
                  | the Orb.
     0 | D:1      | Reached XP level 1. HP: 13/13 MP: 3/3
   453 | D:1      | Gained mutation: A meltable shield of frost defends you.
                  | (SH +4) [demonic ancestry]
   453 | D:1      | Reached XP level 2. HP: 19/19 MP: 0/5
  1491 | D:2      | Found Xozxi's Armour Shop.
  1584 | D:2      | Reached XP level 3. HP: 24/24 MP: 6/6
  1587 | D:2      | Learned a level 2 spell: Scorch
  1758 | D:2      | Found Olorphipo's Weapon Boutique.
  1846 | D:2      | Found Bietaill's Assorted Antiques.
  2164 | D:2      | Found Niahos's Antique Weapon Emporium.
  2367 | D:2      | Reached XP level 4. HP: 31/31 MP: 2/7
  2461 | D:2      | Found Cudwofar's Magic Scroll Shoppe.
  2467 | D:2      | Bought a scroll of identify for 28 gold pieces
  2674 | D:2      | Reached skill level 1 in Staves
  2796 | D:3      | Found a faded altar of an unknown god.
  2840 | D:3      | Found a glowing drain.
  2854 | Sewer    | Entered a sewer
  2919 | Sewer    | Noticed a brain worm
  3066 | Sewer    | Noticed Pargi
  3074 | Sewer    | Killed Pargi
  3075 | Sewer    | Gained mutation: You have a pair of small horns on your
                  | head. [demonic ancestry]
  3075 | Sewer    | Reached XP level 5. HP: 26/36 MP: 2/9
  3145 | Sewer    | Reached skill level 1 in Shields
  3308 | Sewer    | Reached skill level 1 in Armour
  3308 | Sewer    | Reached XP level 6. HP: 37/42 MP: 0/11
  3525 | D:3      | Found an ancient bone altar of Kikubaaqudgha.
  3836 | D:3      | Noticed Sigmund
  3841 | D:3      | Killed Sigmund
  3842 | D:3      | Gained mutation: You are partially covered in icy blue
                  | scales. (AC +2) [demonic ancestry]
  3842 | D:3      | Reached XP level 7. HP: 46/47 MP: 4/12
  4016 | D:3      | Reached skill level 1 in Fighting
  4138 | D:3      | Found a radiant altar of Vehumet.
  4158 | D:3      | Became a worshipper of Vehumet
  4226 | D:3      | Reached skill level 5 in Fire Magic
  4930 | D:4      | Found Amiegoe's Book Shoppe.
  5097 | D:4      | Found an iron altar of Okawaru.
  5335 | D:4      | Found a shadowy altar of Dithmenos.
  5340 | D:4      | Found a shimmering blue altar of Sif Muna.
  5443 | D:5      | Entered Level 5 of the Dungeon
  5792 | D:5      | Reached skill level 5 in Spellcasting
  5904 | D:5      | Found a staircase to the Ecumenical Temple.
  6022 | D:5      | Gained mutation: You may rarely emit foul miasma when
                  | damaged in melee. [demonic ancestry]
  6022 | D:5      | Reached XP level 8. HP: 54/54 MP: 8/15
  6030 | D:5      | Reached * piety under Vehumet
  6030 | D:5      | Offered knowledge of Shock by Vehumet.
  6206 | D:2      | Bought the +2 ring mail "Astreokk" {rN+ Regen+} for 252
                  | gold pieces
  6721 | D:5      | Found a snail-covered altar of Cheibriados.
  7778 | D:6      | Found a runed translucent door.
  7784 | D:6      | Noticed xnavy's ghost (amateur OnRe)
  8010 | D:6      | Found a runed translucent door.
  8360 | D:7      | Found a burning altar of Makhleb.
  8460 | D:7      | Gained mutation: You have a pair of horns on your head.
                  | [demonic ancestry]
  8460 | D:7      | Reached XP level 9. HP: 45/59 MP: 2/18
  9129 | D:7      | Reached ** piety under Vehumet
  9129 | D:7      | Offered knowledge of Magic Dart by Vehumet.
  9236 | D:8      | Found a sacrificial altar of Ru.
  9340 | D:8      | Reached skill level 1 in Axes
  9462 | D:8      | Offered knowledge of Mercury Vapours by Vehumet.
  9586 | D:8      | Identified the ring "Ungos" {Fire rElec}
  9620 | D:8      | Found a bloodstained altar of Trog.
  9621 | D:8      | Noticed a wizard
  9625 | D:8      | Killed a wizard
  9675 | D:8      | Reached *** piety under Vehumet
  9839 | D:8      | Found Atwihin's Armour Emporium.
  9908 | D:8      | Learned a level 5 spell: Lee's Rapid Deconstruction
 10082 | D:8      | Found a blossoming altar of Fedhas.
 10117 | D:8      | HP: 1/62 [gnoll sergeant/+0 trident (10)]
 10123 | D:8      | Reached XP level 10. HP: 34/68 MP: 14/21
 10359 | D:9      | Offered knowledge of Dazzling Flash by Vehumet.
 10510 | D:9      | Found a shimmering altar of Xom.
 10512 | D:9      | Found a shimmering altar of Xom.
 10513 | D:9      | Found a shimmering altar of Xom.
 10513 | D:9      | Found a shimmering altar of Xom.
 10513 | D:9      | Found a shimmering altar of Xom.
 10715 | D:9      | Found a staircase to the Lair.
 10930 | D:8      | Slain by a vampire mosquito

Illustrated notes

Levels and vault maps discovered:
D:1:      eino_arrival_cavern_a, layout_loops_corners, columned_hall_lemuel,
          hangedman_abyss_or_decor_lesser_grid
D:2:      layout_loops_corners, serial_shops, shop, shop,
          nicolae_shop_tiny_real_fake_doors, nicolae_shop_pleasant_corner_grove,
          nicolae_shop_crystal
D:3:      layout_basic, nicolae_vehumet_radiance, lemuel_round_altar,
          cheibrodos_sewer_entry_sluice, ebering_ecumenical_altar_box,
          hangedman_decor_growths, minmay_door_square, uniq_sigmund
D:4:      layout_cave_pools, okawaru_trees_2,
          gammafunk_temple_overflow_forgotten, serial_shops,
          nicolae_shop_real_fake_doors
D:5:      layout_loops_cross, cheibrodos_worm_habitat, temple_statues
D:6:      layout_basic, ebering_ghost_sewer_f, hex_intersection, minivault_19,
          minmay_misc_feat_enclosed
D:7:      layout_loops_cross, mainiacjoe_overflow_small_starburst,
          nicolae_twisty_statue_hallways
D:8:      layout_gridville, kennysheep_little_box, trog_wizard,
          mainiacjoe_overflow_paths, serial_shops, shop, serial_demonic,
          serial_demonic_c, serial_demonic_c, serial_demonic_g,
          serial_demonic_d, serial_demonic_d, serial_demonic_b
D:9:      layout_irregular_city, nicolae_overflow_hidden_temple,
          xom_shifter_show, tso_altar, lair_entry_dummy,
          minmay_fractal_squares_5

Skill      XL: |  1  2  3  4  5  6  7  8  9 10 |
---------------+-------------------------------+-----
Fire Magic     | 3 4 5 7 8 |  8.3
Dodging        | 2 3 |  3.7
Staves         | 1 |  1.5
Stealth        | 2 |  2.4
Spellcasting   | 3 5 6 7 8 |  8.3
Shields        | 1 2 |  2.2
Armour         | 1 2 3 4 |  4.4
Conjurations   | 2 |  2.8
Fighting       | 1 2 |  2.8
Axes           | 2 3 |  3.3
Evocations     | |  0.8

Action                     |  1- 3 |  4- 6 |  7- 9 | 10-12 || total
---------------------------+-------+-------+-------+-------++-------
  Melee: Unarmed           |     3 |       |       |       ||     3
         Staff             |    63 |    32 |    67 |       ||   162
         Headbutt          |       |     2 |    28 |     8 ||    38
         Punch             |       |     1 |     1 |       ||     2
         Hand axe          |       |       |    96 |    41 ||   137
   Cast: Foxfire           |    69 |    29 |    70 |    49 ||   217
         Scorch            |     3 |    34 |   164 |    33 ||   234
  Evoke: Wand              |       |       |       |     3 ||     3
    Use: Potion            |     1 |       |     4 |     1 ||     6
         Scroll            |       |     6 |     5 |     2 ||    13
   Stab: Sleeping          |     3 |       |       |       ||     3
 Armour: Robe              |    31 |       |       |       ||    31
         Leather armour    |     2 |    47 |    36 |       ||    85
         Ring mail         |       |       |   164 |   108 ||   272
  Dodge: Dodged            |    75 |    41 |   189 |    64 ||   369
  Block: Other             |    15 |    15 |    50 |    23 ||   103

Table legend: (Time is in decaauts)
 A = Elapsed time spent in this place.
 B = Non-inter-level travel time spent in this place.
 C = Inter-level travel time spent in this place.
 D = Time resting spent in this place.
 E = Time spent auto-exploring this place.
 F = Levels seen in this place.
 G = Mean time per level.
                   A        B        C        D        E       F      G
               +--------+--------+--------+--------+--------+-----+--------+
         Total |  11002 |  10709 |    293 |    328 |   8690 |  10 | 1100.2 |
       Dungeon |  10449 |  10156 |    293 |    269 |   8267 |   9 | 1161.0 |
         Sewer |    552 |    552 |      0 |     59 |    422 |   1 |  552.0 |
               +--------+--------+--------+--------+--------+-----+--------+

Top non-repeatable levels by time:
     D:1: 1494 daAuts
     D:3: 1372 daAuts
     D:6: 1349 daAuts
     D:2: 1328 daAuts
     D:5: 1298 daAuts
     D:8: 1081 daAuts
     D:7: 1040 daAuts
     D:4: 814 daAuts
     D:9: 670 daAuts
   Sewer: 552 daAuts
